 Dungeon Crawl Stone Soup version 0.02-207-g49f19f9 (webtiles) character file.

Game seed: 15499943550463427370, levelgen mode: deterministic

1386 Kalegnar the Gusty (level 8, -3/41 HPs) Silent Spectre Air Elementalist. Began on Nov 12, 2020. Slain by an orc warrior ... wielding a cursed +5 flail of protection {(Curse: Fragile MR-)} (22 damage) ... on level 4 of the Dungeon on Nov 13, 2020. The game lasted 00:22:32 (3660 turns).

Kalegnar the Gusty (SSAE)                           Turns: 3660, Time: 00:22:32

Health: -3/41      AC:  6    Str:  4    XL:     8 ^: 818
Magic:  17/17      EV: 18    Int: 20    God:
Gold:   136        SH:  3    Dex: 22    Spells: 6/16 levels left

rFire    . . .     Vision   .   h - +0 dagger
rCold    . . .     Gourm    .   d - +0 buckler {AC+3}
rNeg     + + +     Faith    .   a - +0 robe
rPois    ∞         Spirit   .   (no helmet)
rElec    .         Reflect  .   c - scarf {repulsion}
rCorr    .         Harm     .   (no gloves)
MR       +....                  i - +0 pair of boots
Stlth    +++.......             (no amulet)
HPRegen  0.23/turn              g - ring of wizardry
MPRegen  0.27/turn              k - ring of dexterity

@: silenced, repel missiles
A: silence aura, negative energy resistance 3, torment resistance, unbreathing,
petrification resistance, silent casting, insubstantial
a: no special abilities


You were on level 4 of the Dungeon.
You were not hungry.

You visited 1 branch of the dungeon, and saw 4 of its levels.

You collected 163 gold pieces.
You spent 27 gold pieces at shops.

Inventory:

Weapons
 h - a +0 dagger (weapon) Shields
 d - a +0 buckler of protection (shield)
Armour
 a - a +0 robe (worn)
 c - a scarf of repulsion (worn)
 i - a +0 pair of boots (worn)
Jewellery
 g - a ring of wizardry (left hand)
 k - a ring of dexterity (right hand)
Potions
 b - 2 potions of might
 e - a potion of haste
 f - 5 potions of heal wounds
 j - 2 potions of invisibility
 l - a potion of resistance


   Skills:
 + Level 5.2 Short Blades
 - Level 4.0 Dodging
 + Level 4.6 Stealth
 - Level 4.0 Shields
 + Level 4.5 Spellcasting
 + Level 6.1 Air Magic


You had 6 spell levels left.
You knew the following spells:

 Your Spells              Type           Power        Failure   Level  Hunger
a - Shock                 Air            25 (25)      1%          1    N/A
b - Swiftness             Chrm/Air       16 (100)     3%          2    N/A
c - Static Discharge      Air            28 (100)     1%          3    N/A
d - Airstrike             Air            28 (200)     5%          4    N/A

Your spell library contained the following spells:

 Spells                   Type           Power        Failure   Level  Hunger
 Lightning Bolt           Air            28 (200)     14%         5    N/A

Dungeon Overview and Level Annotations

Branches:
Dungeon (4/8)
 Temple: D:4

Altars:
Dithmenos
Elyvilon
Ru
Xom

Shops:
D:3 *


Innate Abilities, Weirdness & Mutations

You are surrounded by an aura of unnatural quiet.
You are immune to poison.
You are immune to negative energy. (rN+++)
You are immune to unholy pain and torment.
You can survive without breathing.
You are immune to petrification.
You can communicate with gods and cast spells while silenced.
Your insubstantial form boosts your evasion and grants immunity to sticky flames, nets and constriction.


Message History

(D) Dungeon
Where to? (? - help)
What level of the Dungeon? (default 1, ? - help)
There is a stone staircase leading down here.
You climb downwards. 3 orcs, an orc warrior, an orc priest and a zombie come into view.
The orc warrior is wielding a cursed +5 flail of protection {(Curse: Fragile MR-)}.
The orc priest is wielding a cursed +4 vampiric war axe {(Curse: Fragile)}.
Found six items.
Found an escape hatch in the ceiling.
There is a stone staircase leading up here.
The helpless orc warrior fails to defend itself.
You impale the orc warrior (25)!!
The orc warrior is almost dead. (1/26) HP The helpless orc fails to defend itself.
You impale the orc (31)!!
You kill the orc!
The orc warrior hits you with a cursed +5 flail of protection {(Curse: Fragile MR-)} (20)!!
The bullfrog zombie hits you (3).
The orc warrior hits you with a cursed +5 flail of protection {(Curse: Fragile MR-)} (22)!!
Ouch! That really hurt!
You die...

.# ###!#
#.###...###
#.[......##
##....]...# #
#......o..##.#
#.....o......
##..?Zo.$.##
#.....@.o..#
#......)..#.#
.#.#.).#.##
...$. .#
#.#... $. #.
.#.. .#. #
.###. ..< #.
#. ## .


You could see an orc warrior, an orc priest (sleeping), 2 orcs and a bullfrog
zombie.

Vanquished Creatures
  A scorpion (D:3)
  An ogre (D:3)
  A crocodile (D:2)
  A big kobold (D:2)
  A crimson imp (D:3)
  An orc priest (D:3)
  A hound (D:3)
  5 jellies (D:2)
  3 orc wizards (D:3)
  2 worker ants (D:3)
  6 giant cockroaches
  A shadow imp (D:3)
  4 adders
  A bullfrog skeleton (D:3)
  48 sewer rats (D:2)
  2 worms
  5 cinder newts
  3 oozes (D:2)
  7 leopard geckos
  7 orcs
  An adder skeleton (D:2)
  A ball python (D:2)
  5 bats
  3 goblins (D:1)
  4 hobgoblins (D:1)
  2 jackals (D:3)
  10 kobolds
  A goblin skeleton (D:2)
  A jackal skeleton (D:2)
  4 rats
  4 withered plants (D:2)
137 creatures vanquished.

Vanquished Creatures (others)
  163 withered plants (D:2)
163 creatures vanquished.

Grand Total: 300 creatures vanquished

Notes
Turn   | Place    | Note
-------+----------+-------------------------------------------
     0 | D:1      | Kalegnar the Silent Spectre Air Elementalist began the
                  | quest for the Orb.
     0 | D:1      | Reached XP level 1. HP: 10/10 MP: 6/6
    99 | D:1      | Reached skill level 4 in Air Magic
    99 | D:1      | Reached XP level 2. HP: 15/15 MP: 3/8
   314 | D:1      | Learned a level 2 spell: Swiftness
   323 | D:1      | Reached XP level 3. HP: 19/19 MP: 8/10
   732 | D:2      | Learned a level 3 spell: Static Discharge
   793 | D:2      | Noticed a big kobold
   811 | D:2      | Killed a big kobold
   811 | D:2      | Reached skill level 1 in Short Blades
   811 | D:2      | Reached XP level 4. HP: 15/24 MP: 4/11
   827 | D:2      | Reached XP level 5. HP: 15/28 MP: 3/13
   956 | D:2      | Reached skill level 5 in Air Magic
  1014 | D:2      | Reached XP level 6. HP: 32/32 MP: 9/14
  1021 | D:2      | Learned a level 4 spell: Airstrike
  1595 | D:2      | Reached skill level 1 in Shields
  1916 | D:2      | Reached XP level 7. HP: 36/36 MP: 13/16
  2231 | D:2      | Found a white marble altar of Elyvilon.
  2780 | D:3      | Found a sacrificial altar of Ru.
  2783 | D:3      | Reached XP level 8. HP: 41/41 MP: 17/17
  2826 | D:3      | Reached skill level 5 in Short Blades
  3008 | D:3      | Found Ughymo's Assorted Antiques.
  3026 | D:3      | Bought a red potion for 27 gold pieces
  3165 | D:3      | Found a shimmering altar of Xom.
  3398 | D:3      | Reached skill level 6 in Air Magic
  3425 | D:3      | Identified a scroll of acquirement
  3429 | D:3      | Found a shadowy altar of Dithmenos.
  3660 | D:4      | Slain by an orc warrior

Levels and vault maps discovered:
D:1:      co_arrival_random_square_maze, layout_loops_ring, minmay_pentomino_v2
D:2:      layout_sewer, elyvilon_altar_5
D:3:      layout_loops_ring, overflow_temple_1_default, old_standard_altar,
          nicolae_overflow_hidden_temple, first_ration, serial_shops, shop
D:4:      layout_loops_ring, kennysheep_mini_moat, lemuel_temple_firewalk_b,
          serial_shops, kennysheep_mini

Skill      XL: |  1  2  3  4  5  6  7  8 |
---------------+-------------------------+-----
Dodging        | 3 4 |  4.0
Air Magic      | 4 5 6 |  6.1
Spellcasting   | 3 4 |  4.5
Short Blades   | 1 2 3 4 5 |  5.2
Stealth        | 3 4 |  4.6
Shields        | 1 4 |  4.0

Action                   |  1- 3 |  4- 6 |  7- 9 || total
-------------------------+-------+-------+-------++-------
Melee: Dagger            |    22 |    70 |   144 ||   236
       Unarmed           |    19 |    43 |       ||    62
 Cast: Shock             |    37 |    85 |   104 ||   226
       Static Discharge  |       |     2 |     1 ||     3
 Stab: Sleeping          |     1 |     2 |    12 ||    15
       Distracted        |       |     1 |       ||     1
Armor: Robe              |     3 |    13 |    10 ||    26
Dodge: Dodged            |    19 |    80 |   128 ||   227
Block: Buckler           |       |     1 |    18 ||    19
